 Dungeon Crawl Stone Soup version 0.30-a0-912-ge10d75a369 (webtiles) character file.

Game seed: 10533971446281986353

36 M4edhros the Charlatan (level 3, -1/23 HPs)
             Began as an Octopode Artificer on Mar 19, 2023.
             Slain by a hound (2 damage)
             ... on level 4 of the Dungeon.
             The game lasted 00:00:56 (472 turns).

M4edhros the Charlatan (Octopode Artificer)          Turns: 472, Time: 00:00:57

Health: -1/23      AC:  1    Str: 11    XL:     3   Next: 37%
Magic:  3/3        EV: 13    Int: 13    God:
Gold:   45         SH:  0    Dex: 14    Spells: 2/2 levels left

rFire   . . .      SeeInvis .    f - +0 glaive
rCold   . . .      Faith    .    (shield currently unavailable)
rNeg    . . .      Spirit   .    (helmet restricted)
rPois   .          Reflect  .    (no amulet)
rElec   .          Rampage  .    (no ring)
rCorr   .                        (no ring)
Will    .....                    (no ring)
Stlth   +++                      (no ring)
HPRegen 0.23/turn                (no ring)
MPRegen 0.08/turn                (no ring)
                                 (no ring)
                                 (no ring)

@: no status effects
A: almost no armour, amphibious, 8 rings, camouflage 1, gelatinous body 1,
(nimble swimmer 1), tentacles
a: no special abilities


You were on level 4 of the Dungeon.
You visited 1 branch of the dungeon, and saw 4 of its levels.

You collected 45 gold pieces.

Inventory:

Hand Weapons
 f - a +0 glaive (weapon)
Wands
 b - a wand of flame (15) (quivered)
 c - a wand of charming (12)
 d - a wand of iceblast (5)
Scrolls
 a - a scroll of magic mapping {unknown}
 e - a scroll of teleportation {unknown}
 g - 2 scrolls of identify {unknown}
 i - a scroll of noise {unknown}


   Skills:
 + Level 1.6 Fighting
 * Level 1.7 Polearms
 + Level 2.7 Dodging
 + Level 2.2 Stealth
 - Level 3.2 Evocations


You had 2 spell levels left.
You didn't know any spells.
Your spell library was empty.

Dungeon Overview and Level Annotations

Branches:
Dungeon (4/15)
 Temple: D:4-7

Altars:

Annotations:
D:3 Sigmund


Innate Abilities, Weirdness & Mutations

You cannot wear most types of armour.
You are amphibious.
You can wear up to eight rings at the same time.
Your skin changes colour to match your surroundings (Stealth+).
Your rubbery body absorbs attacks. (AC +1, EV +1)
((You are camouflaged when in or above water. (Stealth+)))
You have tentacles for arms and can constrict up to eight enemies at once.


Message History

You kill the kobold!
Things that are here:
a +0 short sword; a stone; a kobold corpse A hobgoblin comes into view.
A hobgoblin is nearby!
A hobgoblin is nearby!
You reach to attack!
The helpless hobgoblin fails to defend itself.
You hit the hobgoblin.
The hobgoblin is heavily wounded.
The hobgoblin barely misses you.
A hobgoblin is nearby!
You closely miss the hobgoblin. You grab the hobgoblin.
You squeeze the hobgoblin.
You kill the hobgoblin!
Found an encrusted ring mail.
No target in view!
Found 3 poisoned darts.
No target in view!
A hound comes into view.
Found a leather armour.
You see here 3 poisoned darts.
A hound is nearby!
A hound is nearby!
You reach to attack!
You completely miss the hound. The hound closely misses you.
The hound bites you.
You barely miss the hound. Your grab misses the hound. The hound bites you.
The hound closely misses you.
You completely miss the hound. You grab the hound. You constrict the hound.
The hound barely misses you. The hound bites you.
You are too injured to fight recklessly!
You are too injured to fight recklessly!
You barely miss the hound.
The hound is lightly wounded.
You constrict the hound. The hound bites you.
* * * LOW HITPOINT WARNING * * *
The hound bites you.
* * * LOW HITPOINT WARNING * * *
The hound bites you.
You die...

#........#
#...#.....#........
..........#
..#.....#........
.).##.......
#..###..[....... ...
.......... #...#..........
..
...###.....##.............
. ....
.....##..........#.. .....
.....#.#.(###....# .
...........# #.....
.......@...# ....#.
......h.....# .....
...................
...................
....##...!###.[# ....
#...## ..# ... #.... .. ..
....#


You could see a hound.

Vanquished Creatures
  2 adders
  An endoplasm (D:3)
  A hobgoblin (D:4)
  A ball python (D:2)
  4 bats
  A kobold (D:4)
  A rat (D:1)
11 creatures vanquished.

Vanquished Creatures (collateral kills)
  An adder (D:4)
1 creature vanquished.

Vanquished Creatures (others)
  An adder (D:4)
1 creature vanquished.

Grand Total: 13 creatures vanquished

Notes
Turn   | Place    | Note
-------+----------+-------------------------------------------
     0 | D:1      | M4edhros the Octopode Artificer began the quest for the
                  | Orb.
     0 | D:1      | Reached XP level 1. HP: 13/13 MP: 1/1
   116 | D:2      | Reached skill level 1 in Polearms
   116 | D:2      | Reached XP level 2. HP: 18/18 MP: 2/2
   296 | D:3      | Noticed Sigmund
   304 | D:3      | Reached XP level 3. HP: 6/23 MP: 3/3
   325 | D:4      | HP: 1/23 [poisoned by an adder]
   472 | D:4      | HP: 1/23 [hound (4)]
   472 | D:4      | Slain by a hound

Illustrated notes

Levels and vault maps discovered:
D:1:      nzn_arrival_depleted_hourglass, layout_rooms,
          hellmonk_ecumenical_altar_pennies_from_heaven, serial_shops,
          nicolae_shop_competitors_out_of_business
D:2:      minmay_general_purpose_star, layout_basic, basic_altar,
          chequers_arboretum, minmay_misc_feat_pillars, grunt_ministairs_7
D:3:      layout_loops_ring, xom_teletrap_fun, uniq_sigmund, uniq_terence
D:4:      layout_cave_pools, uniq_pikel

Skill      XL: |  1  2 |
---------------+-------+-----
Polearms       | 1 |  1.7
Stealth        | 2 |  2.2
Fighting       | |  1.6
Dodging        | |  2.7
Evocations     | |  3.2

Action                     || total
---------------------------++-------
  Melee: Glaive            ||    26
         Constrict         ||     4
         Tentacles         ||     2
  Evoke: Wand              ||     3
    Use: Potion            ||     3
   Stab: Sleeping          ||     7
  Dodge: Dodged            ||    23

Table legend: (Time is in decaauts)
 A = Elapsed time spent in this place.
 B = Non-inter-level travel time spent in this place.
 C = Inter-level travel time spent in this place.
 D = Time resting spent in this place.
 E = Time spent auto-exploring this place.
 F = Levels seen in this place.
 G = Mean time per level.
                   A        B        C        D        E       F      G
               +--------+--------+--------+--------+--------+-----+--------+
         Total |    487 |    461 |     26 |      0 |    311 |   4 |  121.8 |
       Dungeon |    487 |    461 |     26 |      0 |    311 |   4 |  121.8 |
               +--------+--------+--------+--------+--------+-----+--------+

Top non-repeatable levels by time:
     D:2: 169 daAuts
     D:4: 159 daAuts
     D:1: 111 daAuts
     D:3: 47 daAuts
